[Event "Titled Tuesday Blitz June 15 2021"]
[White "Lodici, Lorenzo"]
[Black "Andrews, Todd"]
[WhiteFideId "884189"]
[BlackFideId "2012456"]
[WhiteElo "2265"]
[BlackElo "2440"]
[Result "0-1"]
[Round "10"]
[TimeControl "180+1"]
[Date "2021.06.15"]
[WhiteClock "0:00:18"]
[BlackClock "0:00:15"]

1. f4 d5 2. g3 g6 3. Bg2 Bg7 4. Nf3 c6 5. Nc3 Nh6 6. d3 d4 7. Ne4 Nf5 8. c3 h5 9. cxd4 Nxd4 10. e3 Nf5 11. d4 h4 12. g4 h3 13. Bf1 Nh6 14. g5 Nf5 15. Ne5 Bxe5 16. fxe5 Be6 17. Qf3 Bd5 18. Bd2 Nd7 19. Rg1 Nf8 20. Rg4 Ne6 21. Qf2 Qb6 22. Bc3 O-O-O 23. b4 Kb8 24. a4 Bxe4 25. Rxe4 Nxg5 26. Rg4 Ne6 27. Bd3 Rh5 28. O-O-O a5 29. bxa5 Qb3 30. Bb2 c5 31. Bf1 Qxe3+ 32. Qd2 cxd4 33. Be2 Rc8+ 34. Kb1 Qb3 35. Rc1 Rhh8 36. Bd1 Rxc1+ 37. Qxc1 Qd3+ 38. Bc2 Qe2 39. Qg1 Rc8 40. Bxf5 gxf5 41. Rg8 Qd3+ 42. Ka1 Rxg8 43. Qxg8+ Ka7 44. Qxf7 Qd1+ 45. Ka2 Qxa4+ 46. Kb1 Qc4 47. Qxf5 d3 48. Qxh3 Nc5 49. Qe3 Qc2+ 50. Ka1 d2 0-1


[Site "https://www.chess.com"]

[Event "Titled Tuesday Blitz June 15 2021"]
[White "LogoCzar"]
[Black "Suvorov, Alexander"]
[BlackFideId "12977063"]
[WhiteElo "2359"]
[BlackElo "2221"]
[Result "1/2-1/2"]
[Round "10"]
[TimeControl "180+1"]
[Date "2021.06.15"]
[WhiteClock "0:01:56"]
[BlackClock "0:00:44"]

1. e4 c5 2. Nf3 e6 3. d4 cxd4 4. Nxd4 Nc6 5. Nc3 Qc7 6. Be3 a6 7. Qf3 Nf6 8. O-O-O Rb8 9. Be2 Bb4 10. Nxc6 bxc6 11. Bd4 Bd6 12. Bxf6 Bf4+ 13. Kb1 gxf6 14. g3 Be5 15. Qe3 Qa5 16. Rd3 d5 17. exd5 cxd5 18. f4 d4 19. Rxd4 Bxd4 20. Qxd4 Ke7 21. Ne4 Rd8 22. Qxf6+ Ke8 23. Bh5 Qxh5 24. Qh8+ Ke7 25. Qf6+ Ke8 26. Qh8+ Ke7 27. Qf6+ Ke8 1/2-1/2


[Site "https://www.chess.com"]

[Event "Titled Tuesday Blitz June 15 2021"]
[White "Maevsky, Nikolay"]
[Black "Plotnikov, Pavel"]
[WhiteFideId "4198220"]
[BlackFideId "4170342"]
[WhiteElo "2164"]
[BlackElo "2298"]
[Result "1-0"]
[Round "10"]
[TimeControl "180+1"]
[Date "2021.06.15"]
[WhiteClock "0:00:20"]
[BlackClock "0:00:21"]

1. d4 Nf6 2. Nf3 g6 3. c4 Bg7 4. Nc3 O-O 5. e4 d6 6. Be2 Nbd7 7. Bg5 e5 8. d5 Nc5 9. Nd2 a5 10. f3 h6 11. Bh4 c6 12. Rb1 cxd5 13. cxd5 Bd7 14. Bf2 Rc8 15. O-O Qe8 16. Nc4 Qe7 17. Nxa5 Nh5 18. Re1 Qg5 19. Bf1 f5 20. Bxc5 dxc5 21. Nxb7 Nf4 22. Kh1 Qh5 23. Nd6 Ra8 24. Nc4 Bf6 25. d6 Bh4 26. Nxe5 Be6 27. Nd3 Bg3 28. h3 Bxe1 29. Nxf4 Qh4 30. Nxe6 Bg3 31. Nxf8 Rxf8 32. Ne2 Be5 33. Qd5+ Kh7 34. Qxe5 fxe4 35. Qxe4 Qf2 36. Qe7+ Kg8 37. d7 Qh4 38. Qxh4 g5 39. Qxh6 Rd8 40. Qxg5+ Kf7 41. Qxd8 Ke6 42. Qe8+ Kd5 43. d8=Q+ Kc4 44. Nc3+ Kb4 45. Qa4# 1-0


[Site "https://www.chess.com"]

[Event "Titled Tuesday Blitz June 15 2021"]
[White "Maltsevskaya, Aleksandra"]
[Black "Loy, Konstantin"]
[WhiteFideId "24174041"]
[BlackFideId "14122499"]
[WhiteElo "2225"]
[BlackElo "2084"]
[Result "1-0"]
[Round "10"]
[TimeControl "180+1"]
[Date "2021.06.15"]
[WhiteClock "0:00:08"]
[BlackClock "0:00:12"]

1. e4 c5 2. d4 cxd4 3. c3 Nf6 4. e5 Nd5 5. Nf3 Nc6 6. Be2 d6 7. exd6 Qxd6 8. cxd4 g6 9. Nc3 Bg7 10. O-O O-O 11. h3 b6 12. a3 Bb7 13. Bc4 Nxc3 14. bxc3 Na5 15. Bd3 Rac8 16. Bd2 Nc4 17. Bc1 Rfd8 18. Re1 e6 19. Bg5 Nb2 20. Qe2 Nxd3 21. Qxd3 Rd7 22. Bd2 Bxf3 23. Qxf3 Qd5 24. Qg3 Qb3 25. a4 Qc2 26. Red1 h5 27. a5 b5 28. Qf3 a6 29. Be1 Qb3 30. Rab1 Qd5 31. Qe2 Qc4 32. Qf3 Qc6 33. Qg3 Qc7 34. Qf3 Qxa5 35. c4 Qb6 36. d5 exd5 37. cxb5 axb5 38. Rxd5 Rxd5 39. Qxd5 Rb8 40. Bb4 Qe6 41. Qf3 Re8 42. Rd1 Qc4 43. Rd7 Qc1+ 44. Kh2 Qc4 45. Rb7 Be5+ 46. g3 Bg7 47. Kg2 Qe6 48. Rxb5 Qe4 49. Qxe4 Rxe4 50. Rb8+ Kh7 51. Kf3 Re6 52. Rb7 Rf6+ 53. Kg2 Kg8 54. g4 hxg4 55. hxg4 Rf4 56. f3 Rc4 57. Kf2 Bd4+ 58. Ke2 Kg7 59. Kd3 Rxb4 60. Rxb4 Bf2 61. Rb5 Bg1 62. Ke4 Bf2 63. Rb7 Bg1 64. Ke5 Bf2 65. Kd6 Bg3+ 66. Kd7 Bf2 67. Ke8 Bc5 68. Rxf7+ Kh6 69. Kd7 Be3 70. Ke6 Kg5 71. Rb7 Kh4 72. Kf6 g5 73. Kf5 Kg3 74. Rb3 Bd2 75. Rd3 Bc1 76. f4+ Kh4 77. fxg5 Bxg5 78. Rh3+ Kxh3 79. Kxg5 Kg3 80. Kf5 Kh4 81. g5 Kh5 82. g6 Kh6 83. Kf6 Kh5 84. g7 1-0


[Site "https://www.chess.com"]

[Event "Titled Tuesday Blitz June 15 2021"]
[White "Markidis, Konstantinos"]
[Black "LEGENYA1998"]
[WhiteFideId "4203500"]
[WhiteElo "2304"]
[BlackElo "2374"]
[Result "0-1"]
[Round "10"]
[TimeControl "180+1"]
[Date "2021.06.15"]
[WhiteClock "0:00:05"]
[BlackClock "0:01:06"]

1. e4 d5 2. exd5 Nf6 3. Nf3 Qxd5 4. Nc3 Qa5 5. d4 Bg4 6. h3 Bh5 7. g4 Bg6 8. Ne5 e6 9. Nc4 Qa6 10. h4 Bb4 11. Rh3 h5 12. g5 Nd5 13. Ne5 Qa5 14. Nxg6 fxg6 15. Bd2 Nd7 16. a3 Bxc3 17. bxc3 Qa4 18. c4 Ne7 19. Rb3 b6 20. Qf3 Rd8 21. Bd3 c5 22. Qe4 O-O 23. Qxe6+ Kh8 24. Bxg6 Nxg6 25. Qxg6 cxd4 26. Qxh5+ Kg8 27. Bb4 Rfe8+ 28. Kf1 a5 29. Rf3 Ne5 0-1


[Site "https://www.chess.com"]

[Event "Titled Tuesday Blitz June 15 2021"]
[White "Martin Carmona, Gaston Manuel"]
[Black "Nasyrova, Ekaterina"]
[WhiteFideId "22284567"]
[BlackFideId "44157797"]
[WhiteElo "2161"]
[BlackElo "2115"]
[Result "1-0"]
[Round "10"]
[TimeControl "180+1"]
[Date "2021.06.15"]
[WhiteClock "0:01:39"]
[BlackClock "0:01:13"]

1. e4 e5 2. Nf3 Nc6 3. Bb5 Nf6 4. O-O Nxe4 5. Qe2 Nd6 6. Bxc6 dxc6 7. Qxe5+ Qe7 8. Qa5 b6 9. Qc3 Bd7 10. Re1 Qxe1+ 11. Nxe1 O-O-O 12. d3 Nf5 13. Nf3 Be7 14. Bf4 Bf6 15. Qa3 Kb7 16. Nbd2 Rhe8 17. h3 h6 18. Nc4 g5 19. Bxc7 Rc8 20. Nd6+ Nxd6 21. Bxd6 c5 22. Kf1 Re6 23. Bg3 Bc6 24. Re1 Rce8 25. Rxe6 Rxe6 26. Qb3 h5 27. h4 Bxf3 28. gxf3 gxh4 29. Qd5+ Ka6 30. Bb8 h3 31. Qd7 h2 32. Qxa7+ Kb5 33. c4+ Kb4 34. Qa3# 1-0


[Site "https://www.chess.com"]

[Event "Titled Tuesday Blitz June 15 2021"]
[White "Martinez Alcantara, Jose Eduardo"]
[Black "Dimic, Pavle"]
[WhiteFideId "3805662"]
[BlackFideId "937428"]
[WhiteElo "2690"]
[BlackElo "2216"]
[Result "1-0"]
[Round "10"]
[TimeControl "180+1"]
[Date "2021.06.15"]
[WhiteClock "0:00:02"]
[BlackClock "0:00:01"]

1. e4 c5 2. Nf3 d6 3. c3 Nf6 4. h3 g6 5. Bd3 Bg7 6. Bc2 Nc6 7. O-O O-O 8. d4 d5 9. e5 Ne4 10. Nbd2 Bf5 11. Nb3 cxd4 12. cxd4 Rc8 13. Bb1 Qb6 14. g4 Be6 15. Be3 Qd8 16. Ng5 Nxg5 17. Bxg5 f6 18. exf6 exf6 19. Bh4 b6 20. Qd2 Qd7 21. f4 f5 22. g5 a5 23. Bf2 Rfe8 24. Nc1 Bf7 25. a3 h6 26. gxh6 Bxh6 27. Ne2 Qd6 28. Bc2 Re7 29. Rae1 Rce8 30. Kg2 Na7 31. Bg3 Nc8 32. Ba4 Rf8 33. Ng1 Qb8 34. Rxe7 Nxe7 35. Nf3 Nc8 36. Ne5 b5 37. Bd1 Qb7 38. Kh2 Nd6 39. Rg1 Ne4 40. Qe3 Bg7 41. Bh4 Qb6 42. Bf3 Be8 43. b4 axb4 44. axb4 Bxe5 45. fxe5 f4 46. Qd3 Qc6 47. Be1 Bd7 48. Qe2 Qe6 49. Qg2 Kf7 50. Bg4 Qe7 51. Rf1 Bxg4 52. Qxg4 Kg7 53. Rxf4 Rxf4 54. Qxf4 Qc7 55. Kg2 Qc2+ 56. Kg1 Qd1 57. Qe3 Qh5 58. Kh2 Qf5 59. Bh4 g5 60. Bg3 g4 61. h4 Qf3 62. Qxf3 gxf3 63. Bf4 Kg6 64. e6 1-0


[Site "https://www.chess.com"]

[Event "Titled Tuesday Blitz June 15 2021"]
[White "Mezentsev, Ivan"]
[Black "Karpov, Vadim"]
[WhiteFideId "13706195"]
[BlackFideId "4155025"]
[WhiteElo "2295"]
[BlackElo "2290"]
[Result "1/2-1/2"]
[Round "10"]
[TimeControl "180+1"]
[Date "2021.06.15"]
[WhiteClock "0:00:41"]
[BlackClock "0:01:05"]

1. d4 d5 2. Nf3 Nf6 3. Bf4 e6 4. e3 Bd6 5. Bg3 c5 6. Nbd2 Qc7 7. dxc5 Qxc5 8. Bd3 Nbd7 9. Qe2 b6 10. e4 Bxg3 11. hxg3 dxe4 12. Bxe4 Rb8 13. O-O-O Bb7 14. Bxb7 Rxb7 15. Ne4 Nxe4 16. Qxe4 Rc7 17. Rxh7 Qxc2+ 18. Qxc2 Rxc2+ 19. Kxc2 Rxh7 20. Rd6 Rh5 21. b4 Ne5 22. Nxe5 Rxe5 23. Kd2 Ke7 24. Rd4 a5 25. a3 axb4 26. axb4 g5 27. g4 f5 28. g3 fxg4 29. Rxg4 Rf5 30. Ke3 Re5+ 31. Re4 Rd5 32. Kf3 Rd2 33. Kg4 Rxf2 34. Kxg5 Rf5+ 35. Kg6 Rf6+ 36. Kg5 Rf5+ 37. Kh4 Kf6 38. g4 Rd5 39. Rf4+ Kg6 40. Kg3 Rd3+ 41. Rf3 Rd4 42. Rf4 Rd3+ 43. Kf2 e5 44. Rf5 Rd4 45. b5 Rf4+ 46. Rxf4 exf4 47. Ke2 Kf6 48. Kf2 Kg6 49. Kg2 Kf6 50. Kf2 Kg6 1/2-1/2


[Site "https://www.chess.com"]

[Event "Titled Tuesday Blitz June 15 2021"]
[White "Mirzoev, Azer"]
[Black "Khanin, Semen"]
[WhiteFideId "13400304"]
[BlackFideId "4111990"]
[WhiteElo "2525"]
[BlackElo "2521"]
[Result "1-0"]
[Round "10"]
[TimeControl "180+1"]
[Date "2021.06.15"]
[WhiteClock "0:00:56"]
[BlackClock "0:00:49"]

1. d4 g6 2. Nf3 Bg7 3. g3 b6 4. Bg2 Bb7 5. O-O e6 6. c4 Ne7 7. b3 O-O 8. Bb2 c5 9. Qd2 cxd4 10. Bxd4 d5 11. Bxg7 Kxg7 12. Rd1 Nbc6 13. Na3 Qd6 14. Nb5 Qb4 15. Qb2+ Kg8 16. a3 Qc5 17. b4 Qxc4 18. Nd6 Qg4 19. Nxb7 Nf5 20. Rac1 Nfe7 21. Ne5 Nxe5 22. Qxe5 Rac8 23. Nd6 Rc6 24. Bf3 f6 25. Qe3 Qh3 26. Rxc6 Nxc6 27. Bg2 Qg4 28. h3 1-0


[Site "https://www.chess.com"]

[Event "Titled Tuesday Blitz June 15 2021"]
[White "Molina, Roberto Junio Brito"]
[Black "Pakleza, Zbigniew"]
[WhiteFideId "2109450"]
[BlackFideId "1119290"]
[WhiteElo "2402"]
[BlackElo "2526"]
[Result "0-1"]
[Round "10"]
[TimeControl "180+1"]
[Date "2021.06.15"]
[WhiteClock "0:00:09"]
[BlackClock "0:00:04"]

1. d4 d6 2. e4 Nf6 3. Nc3 c6 4. Be3 Qb6 5. Rb1 Ng4 6. Bg5 e5 7. Nf3 Nd7 8. h3 Ngf6 9. Qd2 Be7 10. Be2 O-O 11. O-O Re8 12. Rfe1 Qc7 13. Bf1 b5 14. Rbd1 Bf8 15. dxe5 dxe5 16. Bd3 h6 17. Bh4 a6 18. Ne2 c5 19. Ng3 c4 20. Bf1 g6 21. Qe3 Kg7 22. Nd2 Bb7 23. Kh1 Rad8 24. Qf3 Be7 25. c3 Nc5 26. Re2 Rd7 27. Rde1 Red8 28. Nb1 Nd3 29. Rd1 Qb6 30. Rdd2 a5 31. b3 a4 32. b4 Qe6 33. Kh2 Bc6 34. Kg1 Ng8 35. Bxe7 Nxe7 36. Re3 Nc1 37. Rxd7 Qxd7 38. Re1 Nd3 39. Rd1 Qe6 40. Qe3 Rd7 41. a3 Nf4 42. Rxd7 Qxd7 43. Ne2 Nd3 44. Nc1 Nb2 45. f3 Nd1 46. Qd2 Qa7+ 47. Kh2 Ne3 48. Be2 f5 49. exf5 N7xf5 50. Qe1 e4 51. Qg1 Qc7+ 52. g3 exf3 53. Bd1 Nxg3 54. Qxg3 Nf1+ 0-1


[Site "https://www.chess.com"]

[Event "Titled Tuesday Blitz June 15 2021"]
[White "Murzin, Volodar"]
[Black "Vlassov, Nikolai"]
[WhiteFideId "44155573"]
[BlackFideId "4103360"]
[WhiteElo "2541"]
[BlackElo "2407"]
[Result "1-0"]
[Round "10"]
[TimeControl "180+1"]
[Date "2021.06.15"]
[WhiteClock "0:01:06"]
[BlackClock "0:00:45"]

1. e4 Nc6 2. Nf3 d5 3. exd5 Qxd5 4. Nc3 Qa5 5. h3 Nh6 6. d4 Bf5 7. Bb5 O-O-O 8. Bxc6 bxc6 9. Qe2 e6 10. O-O Bb4 11. Ne5 Kb7 12. a3 Bd6 13. b4 Qa6 14. b5 cxb5 15. Nxb5 Bxe5 16. Rb1 Kc6 17. Qxe5 Qa5 18. Bd2 Qxd2 19. Qxc7+ Kd5 20. Qc5+ Ke4 21. Qe5# 1-0


[Site "https://www.chess.com"]

[Event "Titled Tuesday Blitz June 15 2021"]
[White "Nakamura, Hikaru"]
[Black "Bluebaum, Matthias"]
[WhiteFideId "2016192"]
[BlackFideId "24651516"]
[WhiteElo "2900"]
[BlackElo "2685"]
[Result "1-0"]
[Round "10"]
[TimeControl "180+1"]
[Date "2021.06.15"]
[WhiteClock "0:00:47"]
[BlackClock "0:00:40"]

1. e4 e6 2. d3 d5 3. Nd2 Nf6 4. Ngf3 b6 5. e5 Nfd7 6. d4 c5 7. c3 Be7 8. Bd3 Ba6 9. Bxa6 Nxa6 10. O-O b5 11. a3 Nb6 12. Re1 h6 13. Nf1 Rc8 14. g3 Nb8 15. h4 Nc6 16. h5 cxd4 17. cxd4 Qc7 18. Re2 Na5 19. Bf4 O-O 20. Ne3 b4 21. axb4 Bxb4 22. Ng4 Qc4 23. Ne1 Nb3 24. Ne3 Qxe2 25. Qxe2 Nxa1 26. Nd3 Be7 27. Qd1 Nc4 28. Qxa1 Nd2 29. Kg2 Rc7 30. Nxd5 exd5 31. Bxd2 Rb8 32. Bc3 Rcb7 33. Nf4 Rb5 34. Qxa7 Bg5 35. e6 fxe6 36. Nxe6 Bf6 37. Qd7 Kh8 38. Nf4 Bg5 39. Nxd5 R5b7 40. Qe6 Rd8 41. Nf4 Bf6 42. d5 Kh7 1-0


[Site "https://www.chess.com"]

[Event "Titled Tuesday Blitz June 15 2021"]
[White "Nguyen, Quoc Hy"]
[Black "Mickiewicz, Piotr"]
[WhiteFideId "12410853"]
[BlackFideId "1114891"]
[WhiteElo "1975"]
[BlackElo "2263"]
[Result "1-0"]
[Round "10"]
[TimeControl "180+1"]
[Date "2021.06.15"]
[WhiteClock "0:00:12"]
[BlackClock "0:00:05"]

1. d4 Nf6 2. c4 g6 3. Nc3 Bg7 4. e4 d6 5. Bd3 O-O 6. Nge2 e5 7. d5 a5 8. O-O Na6 9. Bc2 c6 10. a3 Bd7 11. Rb1 cxd5 12. cxd5 b5 13. b4 axb4 14. axb4 Nh5 15. Be3 Nf4 16. Qd2 Qh4 17. f3 f5 18. exf5 Nxe2+ 19. Nxe2 gxf5 20. Bg5 Qc4 21. Rfc1 Qc7 22. Bxf5 Bxf5 23. Rxc7 Nxc7 24. Rc1 Ne8 25. Bh6 Bxh6 26. Qxh6 Ra2 27. Ng3 Bg6 28. h4 Bd3 29. Rc8 e4 30. Nxe4 Bxe4 31. fxe4 Ra1+ 32. Kh2 Raf1 33. Qe6+ Kg7 34. Rxe8 R8f7 35. Re7 1-0


[Site "https://www.chess.com"]

[Event "Titled Tuesday Blitz June 15 2021"]
[White "Nozdrachev, Leonid"]
[Black "Tsaruk, Maksim"]
[WhiteFideId "24113433"]
[BlackFideId "13511173"]
[WhiteElo "2221"]
[BlackElo "2197"]
[Result "0-1"]
[Round "10"]
[TimeControl "180+1"]
[Date "2021.06.15"]
[WhiteClock "0:00:12"]
[BlackClock "0:01:39"]

1. e4 e5 2. Nf3 Nc6 3. Bb5 a6 4. Ba4 Nf6 5. O-O Be7 6. Bxc6 dxc6 7. b3 Nxe4 8. Bb2 f6 9. Re1 Nd6 10. d4 exd4 11. Nxd4 O-O 12. Nd2 Nf5 13. N2f3 Bc5 14. Qe2 Nxd4 15. Nxd4 Bxd4 16. Qc4+ Qd5 17. Qxd4 Bf5 18. c4 Qxd4 19. Bxd4 Rad8 20. Bc5 Rfe8 21. Bb4 b6 22. f3 c5 23. Bc3 Kf7 24. Kf2 a5 25. g4 Bg6 26. h4 h5 27. g5 a4 28. gxf6 gxf6 29. Rxe8 Rxe8 30. Rd1 axb3 31. axb3 Bc2 32. Rd7+ Re7 33. Rxe7+ Kxe7 34. b4 cxb4 35. Bxb4+ c5 36. Bd2 Bd3 37. Bf4 Bxc4 38. Ke3 Kd7 39. Kd2 Bd5 40. Ke3 Kc6 41. Bh6 b5 42. Bg7 f5 43. f4 b4 44. Kd2 Kb5 45. Kd3 Be4+ 46. Ke3 Ka4 47. Bf8 c4 48. Kd2 c3+ 0-1


[Site "https://www.chess.com"]

[Event "Titled Tuesday Blitz June 15 2021"]
[White "Omariev, Maksim"]
[Black "Vaishali, Rameshbabu"]
[WhiteFideId "4193423"]
[BlackFideId "5091756"]
[WhiteElo "2382"]
[BlackElo "2313"]
[Result "0-1"]
[Round "10"]
[TimeControl "180+1"]
[Date "2021.06.15"]
[WhiteClock "0:00:06"]
[BlackClock "0:00:10"]

1. g4 c5 2. Bg2 Nc6 3. c4 d6 4. g5 h6 5. h4 g6 6. Nc3 Bg7 7. d3 Be6 8. h5 gxh5 9. Rxh5 Qd7 10. Nf3 O-O-O 11. Be3 Bg4 12. Rh1 hxg5 13. Rxh8 Bxh8 14. Nxg5 Bd4 15. Qd2 Nh6 16. O-O-O f6 17. Nge4 Nf5 18. Bxd4 Nfxd4 19. Rg1 Kb8 20. Kb1 a6 21. Ng3 Rh8 22. f3 Be6 23. e3 Nf5 24. Nxf5 Bxf5 25. f4 Nb4 26. Be4 Ka7 27. a3 Nc6 28. Qg2 Bxe4 29. Qxe4 Rh2 30. Rg7 Qh3 31. d4 Qf1+ 32. Ka2 Qxc4+ 33. Ka1 cxd4 34. exd4 Nxd4 35. Rxe7 Nb3+ 36. Ka2 Nc1+ 37. Kb1 Qxe4+ 38. Nxe4 Nd3 39. Nxd6 Rxb2+ 40. Ka1 Rb3 41. Ne4 Rxa3+ 42. Kb1 Ra4 43. f5 Ra5 44. Nd6 Rd5 45. Nxb7 Rb5+ 46. Kc2 Rxb7 47. Re6 Nb4+ 48. Kd2 Rb6 49. Re7+ Kb8 50. Ke2 a5 51. Re8+ Kb7 52. Re7+ Ka6 53. Re8 a4 54. Ra8+ Kb5 55. Kd2 Ra6 56. Rb8+ Rb6 57. Ra8 Rc6 58. Rb8+ Kc4 59. Ra8 Kb3 60. Rh8 a3 61. Rh3+ Kb2 62. Rh2 Rc2+ 63. Ke3 Rxh2 64. Kf4 a2 65. Kg3 a1=Q 66. Kg4 Qf1 67. Kg3 Qf2+ 68. Kg4 Rh4# 0-1


[Site "https://www.chess.com"]

[Event "Titled Tuesday Blitz June 15 2021"]
[White "Palchuk, Andrii"]
[Black "Ozen, Bahadir"]
[WhiteFideId "14176688"]
[BlackFideId "6337058"]
[WhiteElo "2267"]
[BlackElo "2503"]
[Result "1/2-1/2"]
[Round "10"]
[TimeControl "180+1"]
[Date "2021.06.15"]
[WhiteClock "0:01:37"]
[BlackClock "0:01:22"]

1. e4 c6 2. Nf3 d5 3. exd5 cxd5 4. Ne5 e6 5. d4 Bd6 6. Bb5+ Nd7 7. O-O Ne7 8. Bf4 Qc7 9. c3 O-O 10. Nxd7 Bxd7 11. Bxd6 Qxd6 12. Bxd7 Qxd7 13. Nd2 a5 14. a4 b5 15. axb5 Qxb5 16. Ra2 Rfb8 17. h3 Qd3 18. Nb1 Qxd1 19. Rxd1 Nf5 20. Nd2 Kf8 21. Rda1 Nd6 22. Kf1 Ra7 23. Ke2 Rab7 24. b3 Rc7 25. Kd3 Rbc8 26. Rc1 Nb5 27. c4 dxc4+ 28. bxc4 Rd7 29. Nf3 Nxd4 30. Nxd4 e5 31. Rxa5 Rxd4+ 32. Ke3 Rdxc4 33. Rxc4 Rxc4 34. Rxe5 1/2-1/2


[Site "https://www.chess.com"]

[Event "Titled Tuesday Blitz June 15 2021"]
[White "Pastar, Slaven"]
[Black "Skatchkov, Pavel"]
[WhiteFideId "14402718"]
[BlackFideId "4121848"]
[WhiteElo "2227"]
[BlackElo "2476"]
[Result "0-1"]
[Round "10"]
[TimeControl "180+1"]
[Date "2021.06.15"]
[WhiteClock "0:00:01"]
[BlackClock "0:01:49"]

1. b3 e5 2. Bb2 Nc6 3. e3 f5 4. Nf3 d6 5. d4 e4 6. d5 Nce7 7. Ng5 Nxd5 8. Bb5+ c6 9. Qxd5 Qd7 10. Nf7 Ne7 11. Nxd6+ Kd8 12. Nf7+ Ke8 13. Qxd7+ Bxd7 14. Bc4 Rg8 15. Nd6+ Kd8 16. Bxg8 Nxg8 17. Nc4 Nf6 18. Nbd2 Kc7 19. O-O-O b5 20. Na3 Be6 21. c3 a5 22. Nc2 a4 23. Kb1 axb3 24. axb3 Nd5 25. Nd4 Bd7 26. Rhe1 g6 27. f3 Bh6 28. fxe4 Nxe3 29. Rxe3 Bxe3 30. exf5 gxf5 31. N2f3 f4 32. Nc2 Bf5 33. Nd4 Be4 34. g3 f3 35. Rf1 f2 36. Rxf2 Bxf2 37. Ne6+ Kd6 38. Nf4 Be3 0-1


[Site "https://www.chess.com"]

[Event "Titled Tuesday Blitz June 15 2021"]
[White "Perez Perez, Gabriel"]
[Black "Boyer, Mahel"]
[WhiteFideId "32089147"]
[BlackFideId "45102422"]
[WhiteElo "2037"]
[BlackElo "2325"]
[Result "0-1"]
[Round "10"]
[TimeControl "180+1"]
[Date "2021.06.15"]
[WhiteClock "0:00:01"]
[BlackClock "0:00:25"]

1. Nf3 g6 2. g3 Bg7 3. Bg2 Nf6 4. O-O O-O 5. c4 d6 6. d4 c6 7. Nc3 Qa5 8. e4 Qh5 9. e5 dxe5 10. Nxe5 Qxd1 11. Rxd1 Nbd7 12. Nxd7 Bxd7 13. Bf4 Nh5 14. Be3 Rad8 15. d5 a6 16. Bb6 Rde8 17. dxc6 Bxc6 18. Bxc6 bxc6 19. Rd7 Rb8 20. c5 Bxc3 21. bxc3 Nf6 22. Rc7 Rfc8 23. Rxe7 Nd5 24. Rd7 Nxc3 25. Ra7 Ra8 26. Rb7 Rab8 27. Ra7 Ra8 28. Rb7 Nd5 29. a4 Re8 30. Rd7 h5 31. Rd6 Rac8 32. a5 h4 33. Rd1 h3 34. Kf1 Re4 35. R1xd5 cxd5 36. Rxd5 Rce8 37. Rd1 Rc4 38. Re1 Rxe1+ 39. Kxe1 Kf8 40. Kd2 Ke7 41. Ke3 Ke6 42. Kf3 f5 43. Ke2 Kd5 44. Kf3 g5 45. Ke2 Rc2+ 46. Ke3 g4 47. Ba7 Ke5 48. Bb6 Kd5 49. Ba7 Rc3+ 50. Ke2 Ke4 51. Bb6 Rc2+ 52. Ke1 Kd3 53. Kd1 Rxf2 54. Kc1 Rxh2 55. c6 Rc2+ 56. Kb1 Rxc6 0-1


[Site "https://www.chess.com"]

[Event "Titled Tuesday Blitz June 15 2021"]
[White "Ponkratov, Pavel"]
[Black "Alekseenko, Kirill"]
[WhiteFideId "4157800"]
[BlackFideId "4135539"]
[WhiteElo "2636"]
[BlackElo "2580"]
[Result "0-1"]
[Round "10"]
[TimeControl "180+1"]
[Date "2021.06.15"]
[WhiteClock "0:00:24"]
[BlackClock "0:01:18"]

1. d4 d5 2. c4 dxc4 3. e3 e5 4. Bxc4 Nc6 5. d5 Nce7 6. e4 Ng6 7. Nc3 a6 8. a4 Bd6 9. Nf3 Nf6 10. h3 O-O 11. O-O Nh5 12. Re1 Nhf4 13. Bf1 f5 14. exf5 Bxf5 15. Ne4 Qd7 16. Ng3 h6 17. Be3 Rf7 18. Nxf5 Qxf5 19. Nh2 h5 20. Qb1 e4 21. Bd4 Nxh3+ 22. gxh3 Qf4 23. Bg2 Qxh2+ 24. Kf1 Raf8 25. Qxe4 Bg3 26. Re2 Nf4 27. Rc2 Nxh3 28. Bxh3 Rxf2+ 29. Rxf2 Rxf2+ 30. Ke1 Qg1+ 0-1


[Site "https://www.chess.com"]

[Event "Titled Tuesday Blitz June 15 2021"]
[White "Popilski, Gil"]
[Black "Annaberdiyev, Babageldi"]
[WhiteFideId "2809060"]
[BlackFideId "14000385"]
[WhiteElo "2537"]
[BlackElo "2332"]
[Result "0-1"]
[Round "10"]
[TimeControl "180+1"]
[Date "2021.06.15"]
[WhiteClock "0:00:21"]
[BlackClock "0:00:52"]

1. e4 e6 2. d4 d5 3. Nc3 Nf6 4. e5 Nfd7 5. f4 c5 6. Nf3 a6 7. Be3 Nc6 8. Qd2 b5 9. a3 Bb7 10. Bd3 g6 11. O-O Qb6 12. Qf2 cxd4 13. Nxd4 Nxd4 14. Bxd4 Bc5 15. Ne2 Rc8 16. c3 Bxd4 17. cxd4 h5 18. Rac1 b4 19. Rxc8+ Bxc8 20. Rc1 O-O 21. a4 a5 22. Qe3 Ba6 23. Kf2 Bxd3 24. Qxd3 b3 25. Qb5 Qxb5 26. axb5 Nb6 27. Ke3 a4 28. Kd3 Ra8 29. Rc6 Nc4 30. Kc3 a3 31. bxa3 Rxa3 32. Ra6 b2+ 0-1


[Site "https://www.chess.com"]

[Event "Titled Tuesday Blitz June 15 2021"]
[White "Praggnanandhaa R"]
[Black "Jobava, Baadur"]
[WhiteFideId "25059530"]
[BlackFideId "13601520"]
[WhiteElo "2555"]
[BlackElo "2748"]
[Result "1-0"]
[Round "10"]
[TimeControl "180+1"]
[Date "2021.06.15"]
[WhiteClock "0:00:11"]
[BlackClock "0:00:30"]

1. d4 d5 2. c4 c6 3. Nf3 Nf6 4. e3 Bf5 5. Nc3 e6 6. Nh4 Bg6 7. Qb3 Qb6 8. Nxg6 hxg6 9. g3 Nbd7 10. Bg2 Be7 11. Bd2 O-O 12. O-O dxc4 13. Qxc4 Qxb2 14. Rfd1 Qa3 15. Rab1 Nb6 16. Qd3 Rfd8 17. Qc2 Rab8 18. Bc1 Qa6 19. Bf1 Nc4 20. a4 Rdc8 21. Qb3 b5 22. axb5 cxb5 23. Nxb5 Qc6 24. Nxa7 Qf3 25. Qd3 Ng4 26. Qe2 Qf5 27. Nxc8 Rxc8 28. e4 Qh5 29. h3 Nf6 30. Qxh5 gxh5 31. Bg5 Na3 32. Rb3 Nc2 33. Rc1 Kh7 34. e5 Nd5 35. Bxe7 Nxe7 36. Rxc2 1-0


[Site "https://www.chess.com"]

[Event "Titled Tuesday Blitz June 15 2021"]
[White "Priyanka Nutakki"]
[Black "Morefield, Jason"]
[WhiteFideId "25049615"]
[BlackFideId "30920825"]
[WhiteElo "1916"]
[BlackElo "2171"]
[Result "0-1"]
[Round "10"]
[TimeControl "180+1"]
[Date "2021.06.15"]
[WhiteClock "0:01:07"]
[BlackClock "0:02:22"]

1. d4 d5 2. Nf3 Nf6 3. Bf4 c5 4. e3 Nc6 5. c3 Qb6 6. Qb3 c4 7. Qc2 Bf5 8. Qc1 e6 9. Nbd2 h6 10. h3 Be7 11. Be2 O-O 12. O-O Rfc8 13. Bd1 Qd8 14. Bc2 b5 15. Re1 b4 16. e4 dxe4 17. Nxe4 Nd5 18. Bh2 Qa5 19. Ne5 Nxe5 20. Bxe5 bxc3 21. bxc3 Ba3 22. Qd2 Bb2 23. Nd6 Bxc3 24. Qe2 Bxc2 25. Nxc8 Rxc8 26. Qxc2 Bxe1 27. Rb1 Qd2 0-1


[Site "https://www.chess.com"]

[Event "Titled Tuesday Blitz June 15 2021"]
[White "Quparadze, Giga"]
[Black "Jumabayev, Rinat"]
[WhiteFideId "13602250"]
[BlackFideId "13702661"]
[WhiteElo "2658"]
[BlackElo "2535"]
[Result "0-1"]
[Round "10"]
[TimeControl "180+1"]
[Date "2021.06.15"]
[WhiteClock "0:00:36"]
[BlackClock "0:00:30"]

1. e4 e6 2. d4 d5 3. Nd2 c5 4. Ngf3 cxd4 5. Nxd4 Nc6 6. Bb5 Bd7 7. Nxc6 bxc6 8. Bd3 Qc7 9. Qe2 Bd6 10. Nf3 Ne7 11. e5 Bc5 12. O-O Ng6 13. c4 f6 14. Bxg6+ hxg6 15. Bf4 g5 16. Bg3 Qb6 17. Rab1 a5 18. Qc2 Kf7 19. a3 Be7 20. exf6 gxf6 21. b4 axb4 22. axb4 g4 23. c5 Qa6 24. Nd4 Qc4 25. Qxc4 dxc4 26. b5 cxb5 27. c6 Be8 28. Rxb5 e5 29. Rb7 exd4 30. Bd6 Bxc6 31. Rxe7+ Kg6 32. Bc5 d3 33. Bb4 Rab8 34. Ba5 Rb5 35. Bd2 Rb2 36. Ba5 Ra8 37. Bc3 Rc2 38. Bb4 d2 39. Re6 Bb5 40. Rb6 Ba6 41. Rd1 c3 42. Bxc3 Rxc3 43. Rd6 Be2 0-1


[Site "https://www.chess.com"]